 Dungeon Crawl Stone Soup version 0.17.1-3-g152610e (webtiles) character file.

431 jacquesderrida the Stinger (level 6, 0/48 HPs)
             Began as a Demonspawn Venom Mage on Mar 21, 2016.
             Slain by a centaur zombie (6 damage)
             ... on level 6 of the Dungeon.
             The game lasted 00:13:39 (2326 turns).

jacquesderrida the Stinger (Demonspawn Venom Mage)  Turns: 2326, Time: 00:13:40

Health: 0/48       AC:  4    Str:  7 (10) XL:     6   Next: 67%
Magic:  9/9        EV: 13    Int: 16      God:
Gold:   156        SH:  0    Dex: 14      Spells: 3 memorised, 3 levels left

rFire  + . .     SeeInvis .       - Unarmed
rCold  . . .     Clarity  .     a - +0 robe
rNeg   . . .     SustAt   .     (no shield)
rPois  .         Gourm    .     (no helmet)
rElec  .         Spirit   .     p - +0 cloak
rCorr  .         Warding  .     (no gloves)
rMut   .         Stasis   .     o - +0 pair of boots
MR     .....                    (no amulet)
Stlth  ++........               (no ring)
                                (no ring)

@: hasted, very quick, not resistant to hostile enchantments, unstealthy
A: hooves 1, fire resistance 1, powered by death 2
a: no special abilities


You were on level 6 of the Dungeon.
You were not hungry.

You visited 1 branch of the dungeon, and saw 6 of its levels.

You collected 156 gold pieces.

Inventory:

Hand Weapons
 e - a +0 hunting sling
 m - a +0 blowgun
Missiles
 h - 88 stones (quivered)
 l - 18 poisoned needles
Armour
 a - a +0 robe (worn)
 o - a +0 pair of boots (worn)
 p - a +0 cloak (worn)
 r - a +0 shield
Scrolls
 d - a scroll of identify
 j - a scroll of teleportation {unknown}
 k - a scroll of blinking
Potions
 q - a potion of might {unknown}
Books
 b - a Young Poisoner's Handbook

   Spells                             Type                      Level
   a - Sting                          Conjuration/Poison           1
   b - Cure Poison                    Poison                       2
   c - Mephitic Cloud                 Conjuration/Poison/Air       3
   d - Olgreb's Toxic Radiance        Poison                       4
   e - Venom Bolt                     Conjuration/Poison           5
Comestibles
 c - 3 bread rations


   Skills:
 + Level 4.0 Fighting
 + Level 1.6 Armour
 + Level 2.6 Dodging
 - Level 1.7 Stealth
 + Level 2.2 Unarmed Combat
 - Level 2.0 Spellcasting
 - Level 3.0 Conjurations
 - Level 0.6 Air Magic
 - Level 4.0 Poison Magic


You had 3 spell levels left.
You knew the following spells:

 Your Spells              Type           Power        Failure   Level  Hunger
a - Sting                 Conj/Pois      ##..         6%          1    #......
b - Cure Poison           Pois           ##........   8%          2    ###....
c - Mephitic Cloud        Conj/Pois/Air  #.......     21%         3    ###....


Dungeon Overview and Level Annotations

Branches:
Dungeon (6/15)
 Temple: D:4-7

Altars:

Shops:
D:4 [


Innate Abilities, Weirdness & Mutations

You have large cloven feet.
Your flesh is heat resistant.
You regenerate health from kills.


Message History

You kill the giant newt!
You feel less regenerative.
A centaur zombie comes into view.
Wield which item (- for none, * to show all)? (? for menu, Esc to quit)
You are now empty-handed.
You hit the centaur zombie. The centaur zombie hits you.
You hit the centaur zombie. The centaur zombie hits you.
You hit the centaur zombie but do no damage.
The centaur zombie hits you. x2
* * * LOW HITPOINT WARNING * * *
Drink which item? (? for menu, Esc to quit)
It was a potion of degeneration.
There was something very wrong with that liquid.
You feel weakened. The centaur zombie hits you.
* * * LOW HITPOINT WARNING * * *
Drink which item? (? for menu, Esc to quit)
It was a potion of haste.
You feel yourself speed up. The centaur zombie hits you.
You die...

#.##########
#..........#
##########.#
#.# #.# #.# #.#
########.######
.......@......#
########Z###.##
#.....# #Z#...#
.......# ###
###.# .# .# .#


You could see a centaur zombie.

Vanquished Creatures
  2 ogres
  A hound (D:4)
  A centaur skeleton (D:4)
  Ijyb (D:2)
  A worker ant (D:4)
  2 gnolls (D:3)
  3 adders
  An ooze (D:2)
  A worm (D:2)
  An adder skeleton (D:3)
  5 orcs
  3 giant cockroaches
  34 goblins
  15 hobgoblins
  9 jackals
  4 quokkas
  2 bats (D:1)
  3 giant newts
  A jackal skeleton (D:4)
  5 kobolds
  A quokka zombie (D:3)
  2 rats
98 creatures vanquished.

Notes
Turn   | Place    | Note
--------------------------------------------------------------
     0 | D:1      | jacquesderrida the Demonspawn Venom Mage began the quest for the Orb.
     0 | D:1      | Reached XP level 1. HP: 13/13 MP: 3/3
   217 | D:1      | Reached skill level 1 in Conjurations
   347 | D:1      | Reached skill level 1 in Fighting
   362 | D:2      | Gained mutation: You regenerate a little health from kills. [demonic ancestry]
   362 | D:2      | Reached XP level 2. HP: 21/21 MP: 5/5
   699 | D:2      | Gained mutation: You regenerate health from kills. [demonic ancestry]
   699 | D:2      | Reached XP level 3. HP: 27/27 MP: 4/6
   723 | D:2      | Noticed Ijyb
   769 | D:2      | Killed Ijyb
   979 | D:2      | Gained mutation: You have large cloven feet. [demonic ancestry]
   979 | D:2      | Reached XP level 4. HP: 34/34 MP: 7/7
  1373 | D:3      | Reached skill level 1 in Unarmed Combat
  1469 | D:3      | Reached XP level 5. HP: 41/41 MP: 5/8
  1788 | D:4      | Noticed an ogre
  1811 | D:4      | Killed an ogre
  1811 | D:4      | Reached skill level 1 in Armour
  1811 | D:4      | Gained mutation: Your flesh is heat resistant. [demonic ancestry]
  1811 | D:4      | Reached XP level 6. HP: 47/47 MP: 2/9
  1840 | D:4      | Found Vemiebbur's Antique Armour Boutique.
  1896 | D:5      | Entered Level 5 of the Dungeon
  1950 | D:4      | Learned a level 2 spell: Cure Poison
  1955 | D:4      | Learned a level 3 spell: Mephitic Cloud
  2326 | D:6      | Slain by a centaur zombie

Action                   |  1- 3 |  4- 6 || total
-------------------------+-------+-------++-------
Melee: Dagger            |    66 |       ||    66
       Unarmed           |     5 |    13 ||    18
 Fire: Hunting sling     |    35 |   222 ||   257
       Blowgun           |       |    16 ||    16
 Cast: Sting             |    42 |    35 ||    77
       Mephitic Cloud    |       |     2 ||     2
  Use: Potion            |     2 |     4 ||     6
       Scroll            |     1 |     4 ||     5
 Stab: Sleeping          |     2 |       ||     2
       Confused          |       |     2 ||     2
       Invisible         |       |     2 ||     2
  Eat: Chunk             |     1 |     4 ||     5
       Bread ration      |       |     1 ||     1
